[Event "Open Cappelle-la-Grande"]
[Date "2026.02.26"]
[White "Rohith Krishna S"]
[Black "Pranesh M"]
[WhiteElo "2484"]
[BlackElo "2627"]
[Round "9.9.2"]
[Result "1/2-1/2"]
[TimeControl "40/5400+30:1800+30"]

d4 d5 c4 e6 Nc3 h6 Nf3 Nf6 Bf4 Bd6 Bxd6 Qxd6 e3 O-O Rc1 a6 cxd5 exd5 Qb3 Nc6 Be2 Bf5 O-O b5 Qd1 Nd8 Bd3 Bxd3 Qxd3 Ne6 Rc2 Rfc8 Rfc1 c5 dxc5 Rxc5 Ne2 Rac8 h3 R5c7 Nfd4 Nxd4 Nxd4 g6 Ne2 Rxc2 Rxc2 Rxc2 Qxc2 Qb4 Qc3 Qxc3 [Variant "Standard"]
[Site "Europe Echecs"]

[Event "Open Cappelle-la-Grande"]
[Date "2026.02.26"]
[White "Razafindratsima, Timothe"]
[Black "Bacrot, Alexandre"]
[WhiteElo "2504"]
[BlackElo "2457"]
[Round "9.9.3"]
[Result "1/2-1/2"]
[TimeControl "40/5400+30:1800+30"]

e4 d6 d4 Nf6 Nc3 g6 Bf4 Bg7 Qd2 c6 Nf3 O-O Bh6 d5 Bxg7 Kxg7 e5 Ne4 Nxe4 dxe4 Ng5 c5 d5 Bf5 e6 fxe6 g4 Bxg4 Rg1 Bf5 Qc3+ Rf6 Bh3 h6 Bxf5 hxg5 h4 exf5 hxg5 Qd6 Rh1 Nd7 gxf6+ Qxf6 Qb3 Qb6 Qc3+ Qf6 Qb3 [Variant "Standard"]
[Site "Europe Echecs"]

[Event "Open Cappelle-la-Grande"]
[Date "2026.02.26"]
[White "Lamaze, Simon"]
[Black "Degraeve, Jean-Marc"]
[WhiteElo "2450"]
[BlackElo "2503"]
[Round "9.9.4"]
[Result "1/2-1/2"]
[TimeControl "40/5400+30:1800+30"]

d4 Nf6 c4 g6 Nc3 Bg7 e4 d6 Be2 O-O Be3 c5 d5 e6 Nf3 exd5 cxd5 b5 e5 dxe5 Bxc5 Re8 Bxb5 Bd7 Be2 Bg4 Be3 e4 Nd4 Bxe2 Ndxe2 Nbd7 O-O Nb6 Nf4 Qd6 Rc1 Qe5 g3 Rad8 Qe2 Nfxd5 Ncxd5 Nxd5 Nxd5 Qxd5 b3 Bd4 Rfd1 Qe5 Kg2 Bxe3 Qxe3 Qb2 Rxd8 Rxd8 Rc7 Qxa2 Rxa7 Qc2 Ra4 Re8 Rc4 Qb1 b4 h5 h4 Kh7 Rd4 Kg8 g4 hxg4 h5 Qa2 hxg6 fxg6 Rd7 Qe6 Qd4 Qe5 Qc4+ Qe6 Qxe6+ Rxe6 b5 Kf8 Ra7 Rb6 Ra5 Ke7 Kg3 Kd6 Kxg4 Kc5 Ra4 Rf6 Rxe4 Rxf2 Kg5 [Variant "Standard"]
[Site "Europe Echecs"]

[Event "Open Cappelle-la-Grande"]
[Date "2026.02.26"]
[White "Eugene, Floryan"]
[Black "Cheng, Bobby"]
[WhiteElo "2478"]
[BlackElo "2566"]
[Round "9.9.5"]
[Result "1/2-1/2"]
[TimeControl "40/5400+30:1800+30"]

e4 e5 Nf3 Nf6 Nxe5 d6 Nd3 Nxe4 Qe2 Qe7 Nf4 Nc6 Nd5 Nd4 Nxe7 Nxe2 Bxe2 Bxe7 d3 Nf6 Nc3 c6 Bf4 d5 O-O-O O-O d4 Bb4 Bd3 Bxc3 bxc3 Ne4 Bxe4 dxe4 c4 Bf5 Rhe1 Rac8 Re3 Rfd8 Ra3 Be6 c5 Ra8 Kb2 [Variant "Standard"]
[Site "Europe Echecs"]

[Event "Open Cappelle-la-Grande"]
[Date "2026.02.26"]
[White "Zylka, Stanislaw"]
[Black "Raja Rithvik R"]
[WhiteElo "2347"]
[BlackElo "2535"]
[Round "9.9.6"]
[Result "0-1"]
[TimeControl "40/5400+30:1800+30"]

d4 Nf6 c4 e6 Nf3 d5 Nc3 Bb4 Qa4+ Nc6 a3 Bxc3+ bxc3 Bd7 Qc2 Na5 cxd5 exd5 Bg5 h6 Bh4 g5 Bg3 Ne4 e3 Bf5 Bd3 c6 Nd2 Qe7 Bxe4 Bxe4 Nxe4 Qxe4 Qxe4+ dxe4 h4 Ke7 a4 Ke6 Ke2 Nc4 a5 Kd5 Ra4 b5 axb6 axb6 Rha1 Ra5 h5 Rha8 Rxa5+ Rxa5 Rxa5+ bxa5 Kd1 a4 Kc2 Ke6 Bc7 Kf5 Bd8 Kg4 f3+ exf3 gxf3+ Kxh5 e4 g4 fxg4+ Kxg4 d5 cxd5 exd5 f5 [Variant "Standard"]
[Site "Europe Echecs"]

[Event "Open Cappelle-la-Grande"]
[Date "2026.02.26"]
[White "Bujisho, Benjamin"]
[Black "Ruzhansky, Elias"]
[WhiteElo "2316"]
[BlackElo "2462"]
[Round "9.9.7"]
[Result "1-0"]
[TimeControl "40/5400+30:1800+30"]

e4 c5 c3 Nf6 e5 Nd5 d4 cxd4 Nf3 d6 cxd4 Nc6 Bc4 Nb6 Bb5 Bd7 Nc3 dxe5 dxe5 g6 O-O Bg7 Qe2 O-O h3 Qc7 Bf4 a6 Bd3 Be6 Rfe1 Nb4 Be4 Rad8 Ng5 N4d5 Nxe6 fxe6 Bg3 Qc4 Nxd5 exd5 Bd3 Qa4 h4 Nd7 h5 g5 Rac1 Rc8 b3 Qa5 Rxc8 Rxc8 Rd1 e6 Qg4 Nf8 Qxg5 h6 Qd2 Qxd2 Rxd2 Rc1+ Kh2 Nd7 f4 Bf8 f5 Bb4 Rc2 Rxc2 Bxc2 Bc3 fxe6 Nxe5 Bg6 Nc6 Bd6 Bf6 Kg3 Kg7 Kf4 Bg5+ Kf5 Ne7+ Bxe7 Bxe7 Ke5 Ba3 Be8 Kf8 Bd7 a5 Kxd5 Ke7 Bc8 b6 Ba6 Bb2 Be2 Bf6 Bg4 Bb2 Kc6 Bd4 Bf5 Bf2 g4 Be3 g5 Bxg5 Kxb6 Bd2 a3 Kd6 Kb5 Be1 Ka4 Bd2 Bh3 Be1 Kb5 Bd2 Kb6 Bc3 Kb7 Bd2 Kc8 Ke7 Kc7 Bc1 Kb6 Bd2 Kc5 Bc1 Kb5 Bd2 b4 axb4 axb4 Kd6 Kc4 Bg5 Kd4 Bd2 b5 Be1 Ke4 Bf2 Kf5 Ke7 Ke5 Be3 Kd5 Bf2 Kc6 Be3 b6 Kd8 Kd6 Bf4+ Kd5 Be3 b7 Ba7 Ke5 Ke7 Kf5 Bb8 Kg6 Bf4 Kg7 Ke8 Kf6 Bg3 e7 Bh4+ Ke6 Bg3 Bg2 [Variant "Standard"]
[Site "Europe Echecs"]

[Event "Open Cappelle-la-Grande"]
[Date "2026.02.26"]
[White "Orieux, Etienne"]
[Black "Carnicelli, Valerio"]
[WhiteElo "2272"]
[BlackElo "2438"]
[Round "9.9.8"]
[Result "1/2-1/2"]
[TimeControl "40/5400+30:1800+30"]

e4 g6 d4 Bg7 Nf3 d6 Bd3 c5 c3 cxd4 cxd4 Nc6 h3 Nf6 Nc3 O-O O-O a6 Be3 Nd7 d5 Nce5 Nxe5 Bxe5 Rc1 b5 b4 Nb6 Ne2 Bd7 Nd4 Rc8 Rxc8 Qxc8 Nf3 Nc4 Bh6 Re8 Nxe5 Nxe5 Be2 Qc3 Qd2 Qxd2 Bxd2 Rc8 Rc1 Nc4 Bc3 g5 Bd4 f6 a4 [Variant "Standard"]
[Site "Europe Echecs"]

[Event "Open Cappelle-la-Grande"]
[Date "2026.02.26"]
[White "Poetsch, Hagen"]
[Black "Andersen, Gunnar"]
[WhiteElo "2433"]
[BlackElo "2254"]
[Round "9.9.9"]
[Result "1-0"]
[TimeControl "40/5400+30:1800+30"]

e4 c5 Nf3 e6 d4 cxd4 Nxd4 Nf6 Nc3 Nc6 Nxc6 bxc6 e5 Nd5 Ne4 c5 Bd3 Qc7 c4 Nb4 Bf4 Nxd3+ Qxd3 f5 Nd6+ Bxd6 Qxd6 Qxd6 exd6 Bb7 f3 g5 Be5 Rg8 Kf2 g4 h3 gxf3 gxf3 Kf7 Rag1 Bc6 h4 h5 Bf4 a5 Bd2 e5 Rxg8 Rxg8 Bxa5 e4 fxe4 fxe4 Rh3 Ra8 Bc3 Rxa2 Rg3 Ra4 Rg7+ Ke6 Rg6+ Kf5 Rg5+ Ke6 Rg6+ Kf5 Rg5+ Ke6 Rxc5 Kxd6 Rxh5 Rxc4 Ke3 Ke6 Rg5 Ra4 Rg1 Ra8 h5 Rf8 Rg6+ Kd5 Rg3 Rf1 Rh3 Rd1 Bd2 Rb1 h6 Rxb2 Rh5+ [Variant "Standard"]
[Site "Europe Echecs"]

[Event "Open Cappelle-la-Grande"]
[Date "2026.02.26"]
[White "Bournel, Antoine"]
[Black "Real, Thibault"]
[WhiteElo "2434"]
[BlackElo "2243"]
[Round "9.9.10"]
[Result "1-0"]
[TimeControl "40/5400+30:1800+30"]

d4 Nf6 c4 c5 d5 b5 cxb5 a6 bxa6 e6 dxe6 fxe6 Nc3 d5 g3 Be7 Bg2 Rxa6 Nf3 d4 Nb1 Bb7 O-O Nbd7 e3 Qa8 exd4 cxd4 Nbd2 O-O Nh4 Bxg2 Nxg2 e5 Nc4 Ne4 Qe2 Raf6 f4 Bc5 Qf3 exf4 gxf4 Ra6 b4 Bxb4 Qb3 Ndc5 Qxb4 Ra4 Qb5 Rb8 Nb6 Qb7 Rb1 Rxa2 Qc4+ Qf7 Qxd4 Ra6 Be3 h6 Nc4 Rxb1 Rxb1 Ra2 Ne5 Qe6 Qc4 Qxc4 Nxc4 Nd3 Rd1 Ndc5 Bxc5 Nxc5 Ne5 Kh7 Re1 Ne6 Nf3 Nc5 Ne5 Ne6 Re4 Nc5 Rc4 Nb3 h4 Re2 h5 Nd2 Rc8 [Variant "Standard"]
[Site "Europe Echecs"]

[Event "Open Cappelle-la-Grande"]
[Date "2026.02.26"]
[White "Arcelin, Gael"]
[Black "Bassini, Emile"]
[WhiteElo "2288"]
[BlackElo "2409"]
[Round "9.9.11"]
[Result "0-1"]
[TimeControl "40/5400+30:1800+30"]

d4 Nf6 c4 g6 Nc3 Bg7 e4 d6 Nf3 O-O Be2 Na6 O-O e5 Re1 Bg4 Be3 Qe8 dxe5 dxe5 Qb3 Bxf3 Bxf3 Qc8 Nd5 Re8 Bg5 Nc5 Qa3 Nxd5 cxd5 Bf8 Qe3 a5 Rac1 b6 h3 Qd7 Red1 Qd6 Qd2 f6 Be3 Qd7 Qc2 Bd6 Bg4 Qe7 Qb1 Kg7 Rc3 Rf8 Rdc1 Qf7 Bxc5 Bxc5 Be6 Qe7 Qc2 Ra7 Rf3 a4 Qc4 Bd4 Rc2 Rb8 Qb5 c5 Bg4 Qe8 Qe2 b5 h4 b4 b3 axb3 Rxb3 Qb5 Rb1 Qb6 h5 Qd8 Rb3 Rba8 Be6 Qe8 Rg3 Ra3 Rxa3 Rxa3 Qg4 Ra6 Kh2 Kf8 hxg6 hxg6 Qh3 Kg7 Kg1 Qd8 Qg4 Qh8 Qh3 Qa8 Qb3 Ra3 Qc4 b3 axb3 Ra1+ Rc1 Qa2 Rxa1 Qxf2+ Kh1 Bxa1 d6 Bd4 Kh2 Be3 Qc3 Bf4+ Kh3 Qg1 [Variant "Standard"]
[Site "Europe Echecs"]

[Event "Open Cappelle-la-Grande"]
[Date "2026.02.26"]
[White "Moksh Amit Doshi"]
[Black "Goossens, Hanne"]
[WhiteElo "2354"]
[BlackElo "2164"]
[Round "9.9.12"]
[Result "1-0"]
[TimeControl "40/5400+30:1800+30"]

Nf3 Nf6 c4 c5 d4 cxd4 Nxd4 Nc6 Nc3 d5 cxd5 Nxd5 Nxc6 bxc6 Bd2 e5 Qa4 Bd7 e4 Nxc3 Bxc3 Bd6 Rd1 Qe7 Rd2 Bc5 Ba6 Rb8 Qa5 Rb4 O-O Rxe4 Qc7 Qd8 Qb7 Bd4 Bxd4 exd4 Qxa7 Qa5 b4 Qxb4 Rdd1 Qa5 Qb8+ Qd8 Qb1 Re7 Rxd4 Qc7 Re1 Be6 Bc4 O-O Bxe6 Rxe6 Rxe6 fxe6 Qe4 e5 Rd1 Qa7 Qe2 Qc5 g3 h6 Rd2 Qb4 Rc2 Rf6 Kg2 Kf8 Qxe5 Qb1 Rb2 [Variant "Standard"]
[Site "Europe Echecs"]

[Event "Open Cappelle-la-Grande"]
[Date "2026.02.26"]
[White "Levin, Guy"]
[Black "Greissler, Raphael"]
[WhiteElo "2440"]
[BlackElo "2012"]
[Round "9.9.13"]
[Result "1-0"]
[TimeControl "40/5400+30:1800+30"]

d4 d5 Nf3 Nf6 Bf4 c5 e3 Nc6 Be2 e6 O-O Bd6 dxc5 Bxc5 c4 O-O cxd5 Nxd5 Bg3 Qb6 Qc2 Ncb4 Qb3 a5 Nc3 Nxc3 bxc3 Nd5 Qc2 Bd7 Rab1 Qa7 Ng5 g6 c4 Nb4 Qb2 f6 Ne4 Be7 a3 Bc6 Nc3 Na6 Nb5 Qc5 Rfc1 Be4 Ra1 Qb6 Qc3 Rac8 h4 Rfd8 Qe1 Nc5 Rd1 Nd3 Qf1 Nb2 Rd4 f5 Ra2 Na4 Rad2 Rxd4 exd4 Bc6 c5 Qd8 Na7 Ra8 Nxc6 bxc6 Qc1 Bxh4 Bxh4 Qxh4 Bd1 [Variant "Standard"]
[Site "Europe Echecs"]

[Event "Open Cappelle-la-Grande"]
[Date "2026.02.26"]
[White "Szczotka, Klara"]
[Black "Velten, Paul"]
[WhiteElo "2205"]
[BlackElo "2522"]
[Round "9.9.14"]
[Result "1-0"]
[TimeControl "40/5400+30:1800+30"]

d4 Nf6 c4 g6 Nc3 Bg7 e4 d6 Be2 Na6 Be3 c6 Qd2 Nc7 f3 Rb8 g4 b5 cxb5 cxb5 h4 h5 g5 Nd7 f4 b4 Nd1 O-O Bf3 b3 Ne2 Ba6 O-O bxa2 Rxa2 Rb3 Ndc3 Qb8 Rfa1 Bc4 Rxa7 Rxb2 Qc1 Rc8 e5 Nf8 Ra8 Nxa8 Rxa8 Qxa8 Bxa8 Rb3 Nd5 Bxd5 Qxc8 Bxa8 Qxa8 Rxe3 Kf2 Rh3 Qe8 dxe5 dxe5 Rxh4 Kg3 Rh1 Nd4 Rg1+ Kf2 Rg4 Ke3 Rg3+ Ke4 f5+ Kd5 Kh7 Nc6 e6+ Kc5 Rc3+ Kb5 Rb3+ Ka6 Ra3+ Kb7 Rb3+ Kc7 Rc3 Qf7 Rc1 Kb7 Rb1+ Ka6 Ra1+ Kb5 Rb1+ Ka4 Ra1+ Kb3 [Variant "Standard"]
[Site "Europe Echecs"]

[Event "Open Cappelle-la-Grande"]
[Date "2026.02.26"]
[White "Veiergang, Oscar"]
[Black "Degraeve, Remy"]
[WhiteElo "2193"]
[BlackElo "2448"]
[Round "9.9.15"]
[Result "0-1"]
[TimeControl "40/5400+30:1800+30"]

e4 e5 Bc4 Nf6 d3 Bc5 Nc3 O-O f4 exf4 Bxf4 c6 d4 Bb4 e5 d5 Bd3 Bg4 Be2 Bxc3+ bxc3 Bxe2 Nxe2 Ne4 O-O f6 exf6 Qxf6 Qd3 Nd7 c4 Qe6 cxd5 cxd5 Ng3 Rae8 Rae1 Qg6 Nxe4 Rxe4 Rxe4 Qxe4 Qxe4 dxe4 g3 Rc8 Re1 Nf6 Re2 Kf7 Be5 Nd5 Kf2 b5 Bd6 Ke6 Bc5 e3+ Kf3 Rc7 a4 Rf7+ Kg2 a6 axb5 axb5 Ba3 Kf5 Kf3 g5 g4+ Kg6+ Kg3 Rf1 Bd6 h5 gxh5+ Kxh5 Kg2 Rd1 Be5 g4 h3 Rd2 hxg4+ Kxg4 [Variant "Standard"]
[Site "Europe Echecs"]

[Event "Open Cappelle-la-Grande"]
[Date "2026.02.26"]
[White "Toktomushev, Teimur"]
[Black "Midy, Robin"]
[WhiteElo "2428"]
[BlackElo "2222"]
[Round "9.9.16"]
[Result "1-0"]
[TimeControl "40/5400+30:1800+30"]

d4 d6 e4 Nf6 Bd3 e5 Nf3 exd4 Nxd4 g6 O-O Bg7 Bg5 O-O Nd2 h6 Bh4 c6 c3 Nbd7 f4 Qc7 Qf3 Nc5 Bc2 Bg4 Qg3 Bd7 b4 Nh5 Qe3 Ne6 f5 Nxd4 cxd4 g5 f6 Nxf6 Qd3 Rfe8 Bg3 Bg4 e5 dxe5 Rxf6 Bxf6 Qh7+ Kf8 Rf1 Bg7 Bg6 Re7 Nc4 Ke8 Qxg7 fxg6 Qg8+ Kd7 Qxa8 Be2 Nxe5+